 Dungeon Crawl Stone Soup version 0.30-a0-359-gd0147acb1a (webtiles) character file.

Game seed: 15372893085688672077

4565 bande the Cleaver (level 10, 0/61 HPs)
             Began as a Gargoyle Fighter on Nov 13, 2022.
             Was an Elder of Okawaru.
             Slain by a yak (6 damage)
             ... on level 1 of the Lair of Beasts.
             The game lasted 00:14:00 (9591 turns).

bande the Cleaver (Gargoyle Fighter)                Turns: 9591, Time: 00:14:01

Health: 0/61       AC: 20    Str: 20    XL:     10   Next: 40%
Magic:  0/14       EV:  7    Int:  9    God:    Okawaru [****..]
Gold:   390        SH:  5    Dex: 13    Spells: 9/9 levels left

rFire   . . .      SeeInvis .    a - +0 war axe (chaos)
rCold   . . .      Faith    .    c - +0 buckler
rNeg    + + .      Spirit   +    y - +0 chain mail
rPois   ∞          Reflect  .    i - +0 helmet
rElec   +          Harm     .    (no cloak)
rCorr   .          Rampage  .    (no gloves)
Will    .....                    g - +0 pair of boots
Stlth   ..........               j - amulet of guardian spirit
HPRegen 0.30/turn                m - ring of positive energy
MPRegen 0.14/turn                (no ring)

@: no status effects
A: sickness immunity, AC +7, negative energy resistance 1, electricity
resistance, torment resistance 1, petrification resistance
a: Renounce Religion, Heroism, Finesse


You were on level 1 of the Lair of Beasts.
You worshipped Okawaru.
Okawaru was greatly pleased with you.
You visited 3 branches of the dungeon, and saw 10 of its levels.

You collected 390 gold pieces.

Inventory:

Hand Weapons
 a - a +0 war axe of chaos (weapon)
 b - a +0 war axe
 w - a +2 flail of draining
Missiles
 o - 3 throwing nets (quivered)
Armour
 c - a +0 buckler (worn)
 g - a +0 pair of boots (worn)
 i - a +0 helmet (worn)
 q - a +0 hat
 y - a +0 chain mail (worn)
Jewellery
 j - an amulet of guardian spirit (around neck)
 m - a ring of positive energy (left hand)
 x - a ring of protection from fire
Wands
 r - a wand of light (11)
 s - a wand of digging (16)
Scrolls
 n - a scroll of teleportation
 t - a scroll of identify
 v - a scroll of poison {unknown}
 z - a scroll of amnesia {unknown}
 A - a scroll of brand weapon
Potions
 d - 3 potions of might
 e - 2 potions of haste
 f - 2 potions of curing
 h - a potion of ambrosia
 k - a potion of lignification {unknown}
 l - a potion of magic {unknown}
 p - 3 potions of brilliance {unknown}
 u - a potion of cancellation {unknown}


   Skills:
 + Level 6.6 Fighting
 + Level 8.7 Axes
 + Level 7.5 Armour
 + Level 5.9 Shields
 * Level 5.6 Invocations
 * Level 4.1 Evocations


You had 9 spell levels left.
You didn't know any spells.
Your spell library contained the following spells:

 Spells                   Type           Power      Damage    Failure   Level
 Apportation              Tloc           0%         N/A       99%         1
 Kiss of Death            Conj/Necr      0%         2d5       99%         1
 Magic Dart               Conj           0%         1d3       99%         1
 Confusing Touch          Hex            0%         N/A       100%        3
 Gell's Gravitas          Tloc           0%         N/A       100%        3
 Lesser Beckoning         Tloc           0%         N/A       100%        3
 Mephitic Cloud           Conj/Pois/Air  0%         N/A       100%        3
 Teleport Other           Tloc           0%         N/A       100%        3
 Dispel Undead            Necr           0%         3d6       100%        4
 Alistair's Intoxication  Tmut/Pois      0%         N/A       100%        5
 Call Imp                 Summ           Unusable   N/A       N/A         2

Dungeon Overview and Level Annotations

Branches:
Dungeon (8/15)             Temple (1/1) D:5            Lair (1/5) D:8

Altars:
Ashenzari
Dithmenos
Elyvilon
Gozag
Nemelex Xobeh
Okawaru
Qazlal
Ru
Sif Muna
Uskayaw
Vehumet
Wu Jian
Xom
Yredelemnul
The Shining One

Shops:
D:1 :


Innate Abilities, Weirdness & Mutations

You are immune to sickness and miasma.
Your stone body is resilient. (AC +7)
You are immune to poison.
You resist negative energy. (rN+)
You are resistant to electric shocks. (rElec)
You are resistant to unholy torment.
You are immune to petrification.


Message History

You hit something. You barely miss the yak. The yak barely misses you.
Something tramples you.
You stumble backwards!
Unknown command.
Unknown command.
You hit something.
Something tramples you but does no damage.
Something trunk-slaps you.
You barely miss something. Something tramples you!
You stumble backwards!
Unknown command.
You slash something!
Something tramples you but does no damage.
Something trunk-slaps you. The yak gores you but does no damage.
You block the elephant's attack.
The elephant trunk-slaps you but does no damage.
Something tramples you!
You hold your ground!
Something trunk-slaps you but does no damage.
You barely miss something. You hit the yak. You burn the yak.
You hit the elephant but do no damage. The elephant tramples you!
You hold your ground!
The elephant trunk-slaps you.
* * * LOW HITPOINT WARNING * * *
The yak closely misses you.
Something tramples you but does no damage.
Something trunk-slaps you but does no damage.
You barely miss something. You hit the yak but do no damage.
Lightning courses through the yak!
You kill the yak!
Okawaru accepts your kill.
You hit the elephant but do no damage. Lightning courses through the elephant!
You hit the yak but do no damage. The elephant tramples you.
* * * LOW HITPOINT WARNING * * *
You hold your ground!
The elephant trunk-slaps you but does no damage.
Something tramples you!
* * * LOW HITPOINT WARNING * * *
You hold your ground!
Something trunk-slaps you but does no damage.
The yak gores you.
You closely miss something. You hit the elephant. You freeze the elephant.
You hit the yak but do no damage.
The yak goes berserk!
The yak gores you!
You die...

..........~~♣P
........~PP~.
............ ..
.......... ...
.......# ...
......# #.#
#Y....+ ###.##
#@†...#
#...Y.##.Y...#
.#......#YY...#
+..........(..#
.#............+
########.....#
#..# ......## #..#
.......#.+##+##..#
.........Y.......#


You could see an elephant and 3 yaks.

Vanquished Creatures
  An elephant (D:8)
  2 wyverns
  A yak (Lair:1)
  Eustachio (D:6)
  2 water moccasins
  An acid dragon (D:8)
  2 black bears (D:5)
  A sky beast (D:6)
  An orc warrior (D:7)
  An ice beast (Temple)
  5 ogres
  A centaur (D:7)
  3 kobold brigands
  2 gnoll sergeants
  4 bullfrogs
  A scorpion (D:6)
  A necrophage (D:4)
  10 wights (D:8)
  6 killer bees (D:8)
  3 howler monkeys
  A crimson imp (D:3)
  3 jellies
  2 hounds
  3 orc priests
  A scorpion zombie (D:3)
  7 orc wizards
  14 gnolls
  4 adders
  A shadow imp (D:5)
  3 ufetubi
  An adder zombie (D:3)
  2 worms
  2 dart slugs
  28 orcs
  9 ball pythons
  5 bats
  3 endoplasms
  5 giant cockroaches (D:1)
  8 hobgoblins
  9 jackals
  5 quokkas
  3 frilled lizards
  15 goblins
  2 goblin zombies (D:3)
  2 hobgoblin zombies (D:3)
  16 kobolds
  A kobold skeleton (D:3)
  3 kobold zombies (D:3)
  An orc skeleton (D:3)
  2 orc zombies (D:3)
  3 rats
213 creatures vanquished.

Vanquished Creatures (others)
  6 fungi
  5 plants (Lair:1)
11 creatures vanquished.

Grand Total: 224 creatures vanquished

Notes
Turn   | Place    | Note
-------+----------+-------------------------------------------
     0 | D:1      | bande the Gargoyle Fighter began the quest for the Orb.
     0 | D:1      | Reached XP level 1. HP: 14/14 MP: 1/1
   140 | D:1      | Reached skill level 2 in Axes
   174 | D:1      | Reached XP level 2. HP: 19/19 MP: 2/2
   255 | D:1      | Found Tag Siggoi's Book Shop.
   368 | D:1      | Reached XP level 3. HP: 24/24 MP: 3/3
  1099 | D:2      | Found a stormy altar of Qazlal.
  1440 | D:3      | Reached XP level 4. HP: 29/29 MP: 4/4
  1497 | D:3      | Noticed an ogre
  1525 | D:3      | Reached skill level 3 in Axes
  1571 | D:3      | Killed an ogre
  1572 | D:3      | Reached XP level 5. HP: 33/33 MP: 3/5
  1643 | D:3      | Found a glowing golden altar of the Shining One.
  1721 | D:3      | Reached skill level 4 in Axes
  1721 | D:3      | Reached XP level 6. HP: 29/39 MP: 4/6
  1762 | D:3      | Found a basalt altar of Yredelemnul.
  2117 | D:3      | Found a faded altar of an unknown god.
  2219 | D:4      | Identified the +11 dagger of Dicoykku {freeze, Fragile
                  | Str+7}
  2315 | D:4      | Found a white marble altar of Elyvilon.
  2693 | D:4      | Found a shimmering blue altar of Sif Muna.
  2999 | D:5      | Entered Level 5 of the Dungeon
  3004 | D:5      | Found a staircase to the Ecumenical Temple.
  3011 | D:5      | Noticed an ice beast
  3016 | Temple   | Entered the Ecumenical Temple
  3029 | Temple   | Killed an ice beast
  3030 | Temple   | Reached skill level 5 in Axes
  3030 | Temple   | Reached XP level 7. HP: 34/44 MP: 5/7
  3075 | Temple   | Became a worshipper of Warmaster Okawaru
  3146 | D:5      | Reached skill level 1 in Invocations
  3293 | D:5      | Found a broken altar of Ashenzari.
  3412 | D:5      | Found a sparkling altar of Nemelex Xobeh.
  3464 | D:5      | Reached skill level 5 in Armour
  3670 | D:5      | Reached * piety under Okawaru
  3671 | D:5      | Reached skill level 5 in Fighting
  3843 | D:5      | Identified the +1 leather armour of Gounis {rC+}
  3884 | D:5      | Reached XP level 8. HP: 43/49 MP: 7/9
  4018 | D:5      | Found an opulent altar of Gozag.
  4031 | D:5      | Reached skill level 6 in Axes
  4381 | D:6      | Found a sacrificial altar of Ru.
  4480 | D:6      | Reached skill level 1 in Evocations
  4497 | D:6      | Reached ** piety under Okawaru
  4638 | D:6      | Noticed Eustachio
  4682 | D:6      | Killed Eustachio
  5023 | D:6      | Reached skill level 7 in Axes
  5023 | D:6      | Reached skill level 5 in Shields
  5621 | D:6      | Reached XP level 9. HP: 25/54 MP: 5/11
  6973 | D:7      | Reached *** piety under Okawaru
  7218 | D:7      | Found a hide-covered altar of Uskayaw.
  7478 | D:8      | Reached skill level 8 in Axes
  7690 | D:8      | Received a gift from Okawaru
  7702 | D:8      | Reached skill level 5 in Invocations
  7819 | D:8      | Reached XP level 10. HP: 56/60 MP: 11/13
  7974 | D:8      | Found a staircase to the Lair.
  8060 | D:8      | Found a radiant altar of Vehumet.
  8328 | D:8      | Reached **** piety under Okawaru
  8818 | D:8      | Identified the +2 ring mail "Caheev" {Will+ Int+7}
  9170 | Lair:1   | Entered Level 1 of the Lair of Beasts
  9226 | Lair:1   | Noticed an elephant
  9226 | Lair:1   | Noticed an elephant
  9226 | Lair:1   | Noticed an elephant
  9252 | D:8      | Killed an elephant
  9388 | Lair:1   | Noticed an elephant
  9388 | Lair:1   | Noticed an elephant
  9388 | Lair:1   | Noticed an elephant
  9574 | Lair:1   | Noticed an elephant
  9576 | Lair:1   | Noticed an elephant
  9591 | Lair:1   | Slain by a yak

Illustrated notes

Levels and vault maps discovered:
D:1:      dpeg_arrival_rhombi, layout_basic, serial_shops, shop
D:2:      layout_basic, basic_altar, lightli_corner_chamber
D:3:      layout_basic, lemuel_zombie_altar_yredelemnul,
          nicolae_tso_besieged_by_evil, ebering_ecumenical_altar_webs,
          minmay_ogre_servants
D:4:      layout_loops_ring, elyvilon_altar_1, kennysheep_little_box
D:5:      layout_loops_ring, nicolae_gozag_seed_capital,
          mainiacjoe_overflow_large_starburst,
          minmay_temple_entry_drinking_statues, kennysheep_windowed_goal
D:6:      layout_basic, nicolae_ru_awakened_eye, uniq_eustachio
D:7:      layout_loops_ring, marbit_many_paths
D:8:      layout_basic, nicolae_vehumet_radiance, dpeg_oklobed_lair,
          skrybe_limestone_x
Temple:   compressed_dpeg_triangle_lava_temple
Lair:1:   gammafunk_cloud_chamber, layout_regular_city, serial_bayou_lagoon_a,
          infiniplex_staircase_pool, serial_bayou_shore_b, lemuel_fruit_tree

Skill      XL: |  1  2  3  4  5  6  7  8  9 10 |
---------------+-------------------------------+-----
Axes           | 2 3 4 5 7 8 |  8.7
Fighting       | 4 5 6 |  6.6
Armour         | 4 5 6 7 |  7.5
Shields        | 4 5 |  5.9
Invocations    | 2 3 5 |  5.6
Evocations     | 1 3 4 |  4.1

Action                   |  1- 3 |  4- 6 |  7- 9 | 10-12 || total
-------------------------+-------+-------+-------+-------++-------
Melee: War axe           |   121 |   167 |   386 |    61 ||   735
  Use: Scroll            |     1 |     8 |     4 |     1 ||    14
       Potion            |       |     1 |     2 |       ||     3
 Stab: Petrified         |       |       |     1 |       ||     1
Armor: Scale mail        |    54 |   114 |   280 |       ||   448
       Chain mail        |       |       |    66 |    61 ||   127
Dodge: Dodged            |    67 |    75 |   213 |    26 ||   381
Block: Buckler           |    29 |    41 |   126 |    31 ||   227

Table legend: (Time is in decaauts)
 A = Elapsed time spent in this place.
 B = Non-inter-level travel time spent in this place.
 C = Inter-level travel time spent in this place.
 D = Time resting spent in this place.
 E = Time spent auto-exploring this place.
 F = Levels seen in this place.
 G = Mean time per level.
                   A        B        C        D        E       F      G
               +--------+--------+--------+--------+--------+-----+--------+
         Total |   9790 |   9562 |    228 |   2599 |   5102 |  10 |  979.0 |
       Dungeon |   9429 |   9201 |    228 |   2423 |   5012 |   8 | 1178.6 |
        Temple |     79 |     79 |      0 |      0 |     37 |   1 |   79.0 |
          Lair |    282 |    282 |      0 |    176 |     53 |   1 |  282.0 |
               +--------+--------+--------+--------+--------+-----+--------+

Top non-repeatable levels by time:
     D:6: 1953 daAuts
     D:8: 1861 daAuts
     D:7: 1278 daAuts
     D:5: 1234 daAuts
     D:3: 962 daAuts
     D:4: 848 daAuts
     D:2: 701 daAuts
     D:1: 589 daAuts
  Lair:1: 282 daAuts
  Temple: 79 daAuts
